 Dungeon Sprint DCSS version 0.31.0-12-g77e489cdc1 (webtiles) character file.

Game seed: 7618382233287792855

380 adelrune the Grappler (level 6, -3/66 HPs)
             Began as a Troll Fighter on Feb 21, 2024.
             Was an Initiate of Jiyva.
             Slain by an unseen horror (5 damage)
             ... in the Dungeon (Sprint IX: "|||||||||||||||||||||||||||||").
             The game lasted 00:01:28 (148 turns).

adelrune the Grappler (Troll Fighter)                Turns: 148, Time: 00:01:28

Health: -3/66      AC:  4    Str: 28    XL:     6   Next: 46%
Magic:  5/5        EV: 12    Int:  4    God:    Jiyva [......]
Gold:   0          SH:  9    Dex: 11    Spells: 5/5 levels left

rFire   . .          .
                       - Unarmed
rCold   . . .        b - +0 kite shield
rNeg    . . .        a - +0 robe
rPois   .            (helmet restricted)
rElec   .            (no cloak)
rCorr   .            (gloves unavailable)
SInv    .            (boots unavailable)
Will    .....        (no amulet)
Stlth   +            m - +2 ring of evasion
HPRegen 1.11/turn    l - +3 ring of strength
MPRegen 0.09/turn

%: no teleportation
@: hasted, very quick
A: large, unfitting armour, claws 3, regeneration 1, shaggy fur 1, tough skin 1
a: Renounce Religion


You were in the Dungeon.
You worshipped Jiyva.
Jiyva was noncommittal.
You visited 1 branch

Inventory:

Armour
 a - a +0 robe (worn)
 b - a +0 kite shield (worn)
Jewellery
 l - a +3 ring of strength (right claw)
 m - a +2 ring of evasion (left claw)
Wands
 k - a wand of quicksilver (10)
Scrolls
 i - 2 scrolls of blinking
 j - 2 scrolls of amnesia
Potions
 c - a potion of might
 d - 5 potions of curing
 e - 2 potions of heal wounds
 g - 4 potions of magic
 h - a potion of invisibility


   Skills:
 + Level 5.5 Fighting
 + Level 6.1 Dodging
 + Level 6.6 Shields
 * Level 8.6 Unarmed Combat


You had 5 spell levels left.
You didn't know any spells.
Your spell library was empty.

Dungeon Overview and Level Annotations

Branches:
Dungeon (1/1)

Altars:
Cheibriados
Dithmenos
Elyvilon
Fedhas
Gozag
Hepliaklqana
Kikubaaqudgha
Makhleb
Nemelex Xobeh
Okawaru
Qazlal
Ru
Sif Muna
Trog
Uskayaw
Vehumet
Wu Jian
Xom
Yredelemnul
Zin
The Shining One
Jiyva
Lugonu


Innate Abilities, Weirdness & Mutations

You are too large for most types of armour.
You have claws for hands.
Your natural rate of healing is unusually fast.
You are covered in fur. (AC +1)
You have tough skin. (AC +1)


Message History

Your Unarmed Combat skill gained 2 levels and is now at level 8!
You have reached level 6!
You feel stronger. You block the orc priest's attack.
There is an open door to the Dungeon, spattered with blood here.
You completely miss the orc priest. The orc priest completely misses you.
You claw the orc priest!
You kill the orc priest!
Something hits you!
Deactivating autopickup; reactivate with Ctrl-A.
You claw something! Something hits you.
You closely miss something. Something hits you.
Something completely misses you.
You barely miss something. You block something's attack.
You barely miss something. Something hits you but does no damage.
Something hits you!
* * * LOW HITPOINT WARNING * * *
You barely miss something. Something hits you. You block something's attack.
You miss something. Something hits you but does no damage.
You mangle something!! Something hits you but does no damage.
Something hits you.
* * * LOW HITPOINT WARNING * * *
You barely miss something. Something hits you!
* * * LOW HITPOINT WARNING * * *
Something hits you!
* * * LOW HITPOINT WARNING * * *
You feel much better. Something hits you. x2
* * * LOW HITPOINT WARNING * * *
You feel yourself speed up. Something hits you!
* * * LOW HITPOINT WARNING * * *
Something hits you.
* * * LOW HITPOINT WARNING * * *
You see here a +0 plate armour.
You see here a +0 pair of gloves.
Something hits you but does no damage.
You see here a +0 pair of boots.
Something hits you!
* * * LOW HITPOINT WARNING * * *
Something hits you but does no damage. Something hits you.
You die... ▓▓▓▓▓▓▓▓▓▓▓▓▓▓▓▓▓▓▓▓▓▓▓▓▓▓▓▓▓▓▓ +....9)'oY[[[.@..'_____________ ▓▓▓▓▓▓▓▓▓▓▓▓▓▓▓▓▓▓▓▓▓▓▓▓▓▓▓▓▓▓▓

You could see a yak and an orc warrior.

Vanquished Creatures
  A yak (D)
  A black bear (D)
  An ogre (D)
  An orc priest (D)
  A hound (D)
  A dart slug (D)
  An orc (D)
  A hobgoblin (D)
  A jackal (D)
  2 ball pythons (D)
  A rat (D)
12 creatures vanquished.

Vanquished Creatures (others)
  A great orb of eyes (D)
  A tengu warrior (D)
  A glowing orange brain (D)
  An efreet (D)
  A tengu conjurer (D)
  2 slime creatures (D)
  2 swamp worms (shapeshifter) (D)
9 creatures vanquished.

Grand Total: 21 creatures vanquished

Notes
Turn   | Place    | Note
-------+----------+-------------------------------------------
     0 | D        | adelrune the Troll Fighter began the quest for the Orb.
     0 | D        | Reached XP level 1. HP: 22/22 MP: 0/0
    20 | D        | Noticed a hound
    20 | D        | Noticed an ogre
    20 | D        | Noticed a black bear
    27 | D        | Killed a black bear
    28 | D        | Reached skill level 5 in Unarmed Combat
    28 | D        | Reached XP level 2. HP: 16/32 MP: 1/1
    28 | D        | Reached XP level 3. HP: 20/39 MP: 2/2
    28 | D        | Reached XP level 4. HP: 24/48 MP: 3/3
    30 | D        | Killed an ogre
    31 | D        | Reached skill level 5 in Dodging
    31 | D        | Reached skill level 5 in Shields
    31 | D        | Reached skill level 6 in Unarmed Combat
    31 | D        | Reached XP level 5. HP: 23/55 MP: 4/4
    76 | D        | Found a snail-covered altar of Cheibriados.
    76 | D        | Found a shadowy altar of Dithmenos.
    76 | D        | Found a white marble altar of Elyvilon.
    76 | D        | Found a blossoming altar of Fedhas.
    76 | D        | Found an opulent altar of Gozag.
    77 | D        | Found a hazy altar of Hepliaklqana.
    78 | D        | Found a viscous altar of Jiyva.
    79 | D        | Found an ancient bone altar of Kikubaaqudgha.
    80 | D        | Found a corrupted altar of Lugonu.
    81 | D        | Found a burning altar of Makhleb.
    82 | D        | Found a sparkling altar of Nemelex Xobeh.
    83 | D        | Found an iron altar of Okawaru.
    84 | D        | Found a stormy altar of Qazlal.
    85 | D        | Found a sacrificial altar of Ru.
    86 | D        | Became a worshipper of Jiyva Juifosuw the Shapeless
    86 | D        | Killed a tengu conjurer
    87 | D        | Found a shimmering blue altar of Sif Muna.
    88 | D        | Found a bloodstained altar of Trog.
    88 | D        | Killed a glowing orange brain
    89 | D        | Found a hide-covered altar of Uskayaw.
    89 | D        | Killed a great orb of eyes
    89 | D        | Killed a slime creature
    90 | D        | Found a radiant altar of Vehumet.
    91 | D        | Found an ornate altar of the Wu Jian Council.
    92 | D        | Found a shimmering altar of Xom.
    93 | D        | Found a basalt altar of Yredelemnul.
    93 | D        | Killed a tengu warrior
    94 | D        | Found a glowing silver altar of Zin.
    94 | D        | Killed an efreet
    95 | D        | Found a glowing golden altar of the Shining One.
    96 | D        | Killed a slime creature
    96 | D        | Killed a swamp worm
    97 | D        | Killed a swamp worm
   119 | D        | Noticed a gargoyle
   119 | D        | Noticed an orc warrior
   119 | D        | Noticed a yak
   119 | D        | Noticed a yak
   128 | D        | Killed a yak
   129 | D        | Reached skill level 5 in Fighting
   129 | D        | Reached skill level 8 in Unarmed Combat
   129 | D        | Reached XP level 6. HP: 33/66 MP: 5/5
   139 | D        | HP: 2/66 [something (9)]
   147 | D        | HP: 1/66 [something (9)]
   148 | D        | Slain by an unseen horror

Illustrated notes

Levels and vault maps discovered:
D:        linesprint [early_d, line_temple, items_1, d_10, items_2, lair_1,
          lair_end, items_3, orc_1, orc_end, items_4, d_15, swamp_1, shoals_1,
          snake_1, spider_1, d_20, vaults_1, items_5, swamp_end, shoals_end,
          snake_end, spider_end, vaults_end, d_27, items_6, zot_1, zot_end,
          crypt_end, forest_end, elf_end, slime_end, tomb_end, abyss_end,
          pan_hell_end]

Skill      XL: |  1  2  3  4  5 |
---------------+----------------+-----
Shields        | 4 5 6 |  6.6
Fighting       | 4 5 |  5.5
Dodging        | 4 5 6 |  6.1
Unarmed Combat | 5 6 8 |  8.6

Action                     |  1- 3 |  4- 6 || total
---------------------------+-------+-------++-------
  Melee: Unarmed           |    17 |    22 ||    39
    Use: Potion            |       |     3 ||     3
 Armour: Robe              |    11 |    23 ||    34
  Dodge: Dodged            |     5 |     5 ||    10
  Block: Kite shield       |    11 |     6 ||    17
